 Dungeon Crawl Stone Soup version 0.29-a0-234-g0dae59b3db (webtiles) character file.

Game seed: 13356270636654818739

100 esteth the Skirmisher (level 4, -1/33 HPs)
             Began as a Demonspawn Abyssal Knight on Mar 1, 2022.
             Was a Believer of Lugonu.
             Slain by an orc priest
             ... wielding a +0 dagger
              (4 damage)
             ... on level 3 of the Dungeon on Mar 2, 2022.
             The game lasted 00:05:06 (3133 turns).

esteth the Skirmisher (Demonspawn Abyssal Knight)   Turns: 3133, Time: 00:05:07

Health: -1/33      AC:  3    Str: 12 (13) XL:     4   Next: 46%
Magic:  5/5        EV: 11    Int: 11      God:    Lugonu [**....]
Gold:   88         SH:  0    Dex: 16      Spells: 3/3 levels left

rFire   . . .      SeeInvis .   s - +3 dagger
rCold   . . .      Faith    .   (no shield)
rNeg    . . .      Spirit   .   b - +0 leather armour
rPois   .          Reflect  .   (no helmet)
rElec   .          Harm     .   (no cloak)
rCorr   .          Rampage  .   (no gloves)
Will    .....                   (no boots)
Stlth   +.........              (no amulet)
HPRegen 0.11/turn               L - ring of flight
MPRegen 0.09/turn               (no ring)

@: mighty, flying
A: weakness stinger 1, demonic touch 1, deterioration 1, frail 1, evolution 1
a: Renounce Religion, Depart the Abyss, Bend Space


You were on level 3 of the Dungeon.
You worshipped Lugonu.
Lugonu was pleased with you.
You visited 1 branch of the dungeon, and saw 3 of its levels.
You visited the Abyss 1 time.

You collected 88 gold pieces.


Innate Abilities, Weirdness & Mutations

You have a small tail.
Your touch may inflict minor irresistible damage on your foes.
Your body sometimes deteriorates upon taking damage.
You are frail. (-10% HP)
You have hidden genetic potential.


   Skills:
 + Level 4.1 Fighting
 - Level 2.2 Short Blades
 - Level 1.7 Armour
 - Level 0.8 Dodging
 - Level 2.3 Unarmed Combat
 - Level 2.4 Invocations


You had 3 spell levels left.
You didn't know any spells.
Your spell library contained the following spells:

 Spells                   Type           Power      Damage    Failure   Level
 Sandblast                Erth           0%         2d4       41%         1
 Passwall                 Tmut/Erth      0%         N/A       56%         2
 Stone Arrow              Conj/Erth      0%         3d7       80%         3
 Tukima's Dance           Hex            0%         N/A       80%         3
 Anguish                  Hex/Necr       0%         N/A       99%         4
 Enfeeble                 Hex            0%         N/A       100%        7

Inventory:

Hand Weapons
 a - a +1 short sword
 s - a +3 dagger (weapon)
   (You found it on level 3 of the Dungeon)
Missiles
 e - 40 stones
 g - 5 poisoned darts
 k - 2 boomerangs
Armour
 b - a +0 leather armour (worn)
 c - a +0 ring mail
   (You found it on level 1 of the Dungeon)
 d - a +0 leather armour
   (You found it on level 1 of the Dungeon)
 l - a +0 leather armour
   (You found it on level 2 of the Dungeon)
 m - a +0 leather armour
   (You found it on level 2 of the Dungeon)
 p - a +0 robe
   (You found it on level 3 of the Dungeon)
 q - a +0 ring mail
   (You found it on level 3 of the Dungeon)
Jewellery
 L - a ring of flight (left hand)
   (You found it on level 1 of the Dungeon)
Scrolls
 f - a scroll of magic mapping {unknown}
 j - a scroll of vulnerability {unknown}
 n - a scroll of summoning {unknown}
 o - 3 scrolls of teleportation {unknown}
 r - a scroll of amnesia {unknown}

Dungeon Overview and Level Annotations

Branches:
Dungeon (3/15)

Altars:

Annotations:
D:3 1 runed translucent door, Crazy Yiuf

#o# #.# #.#.. #.# #.#
#.... #o#######.#
##... #.B.o...#.#
#... #######.#.#
######... #o#.#
#.......#
#o#.########.......#
#B#.#.)..........#.#
#.#@#......†.....#>#
#)oo..........####.#
###.#.........# .#
#.#.######### ..
#.#.# # ### #.#.#
##...#
#########.#.#########
.+...#
#...........#.......#
##..)#
####†.###.###.#####.#


You could see an orc priest and an orc.


Message History

The jackal bites you but does no damage. 😕 HP[+1]
You hit the jackal but do no damage. The jackal barely misses you.
The jackal bites you but does no damage.
The jackal closely misses you.
You hit the jackal.
You kill the jackal!
Lugonu accepts your kill.
You hit the jackal.
You touch the jackal.
You kill the jackal!
Lugonu accepts your kill.
You hit the jackal. Your touch misses the jackal.
The jackal closely misses you.
You barely miss the jackal. The jackal misses you.
The jackal bites you. 😕 HP[-2]
You take 2 damage, and now have 31/37 hp.
You hit the jackal but do no damage.
You touch the jackal.
You kill the jackal!
Lugonu accepts your kill. The jackal closely misses you.
You hit the jackal.
The jackal bites you but does no damage.
You hit the jackal. The jackal misses you. 😕 HP[+1]
You hit the jackal.
You kill the jackal!
Lugonu accepts your kill.
Your Fighting skill increases to level 4!
No target in view!
An orc comes into view. It is wielding a +0 club.
The orc moves out of view. 😎 HP[+5]
Your hp is fully restored (37).
The orc shouts!
You hear a shout! x2
An orc comes into view. It is wielding a +0 trident.
An orc priest comes into view. It is wielding a +0 dagger.
The orc priest shouts!
An orc comes into view. It is wielding a +0 short sword.
The orc priest looks satisfied for a moment.
The orc shouts! x2; You hear a shout!
The orc hits you with a +0 club.
The orc priest calls down the wrath of Beogh upon you.
Beogh smites you!
You hear a shout! 😮 HP[-17]
You take 17 damage, and now have 20/37 hp.
MASSIVE DAMAGE!! (PAUSE)
You hear an angry hiss.
A giant cockroach comes into view.
An orc comes into view. It is wielding a +0 club. 😮 HP[+1]
You barely miss the orc.
You touch the orc.
The orc hits you with a +0 club.
* * * LOW HITPOINT WARNING * * *
😨 HP[-3]
You take 3 damage, and now have 18/37 hp.
You hit the orc.
You touch the orc.
You kill the orc!
Lugonu accepts your kill.
The orc hits you from afar with a +0 trident!
* * * LOW HITPOINT WARNING * * *
😨 HP[-7]
You take 7 damage, and now have 11/37 hp. 😨 HP[+1] It was a potion of mutation.
You feel extremely strange.
You feel yourself wasting away.
You feel frail.
You feel a hidden potential growing inside you. 😨 HP[+1]
You now have 33 max hp (-4).
Okay, then.
It was a potion of might.
You feel very mighty all of a sudden.
The orc hits you from afar with a +0 trident.
* * * LOW HITPOINT WARNING * * *
😱 HP[-6]
You take 6 damage, and now have 7/33 hp.
The orc hits you but does no damage. The orc hits you with a +0 short sword.
* * * LOW HITPOINT WARNING * * *
Your body deteriorates!
You feel weakened. 😱 HP[-5]
You take 5 damage, and now have 2/33 hp.
You puncture the orc!
You kill the orc!
Lugonu accepts your kill. The orc closely misses you.
You hit the orc.
You touch the orc.
The orc barely misses you.
You closely miss the orc. You closely miss the orc.
You touch the orc.
You kill the orc!
Lugonu accepts your kill.
You hit the giant cockroach. Your touch misses the giant cockroach.
The giant cockroach barely misses you.
You puncture the giant cockroach!
You kill the giant cockroach!
Lugonu accepts your kill.
You hit the orc. 😱 HP[+1]
You hit the orc priest. You tail-slap the orc priest.
You touch the orc priest.
The orc barely misses you.
The orc priest hits you with a +0 dagger.
You die...

Skill      XL: |  1  2  3  4 |
---------------+-------------+-----
Short Blades   | 2 |  2.2
Unarmed Combat | 1 2 |  2.3
Fighting       | 4 |  4.1
Armour         | |  1.7
Dodging        | |  0.8
Invocations    | |  2.4

Action                   |  1- 3 |  4- 6 || total
-------------------------+-------+-------++-------
Melee: Short sword       |   111 |    26 ||   137
       Touch             |     9 |    10 ||    19
       Tailslap          |     3 |     4 ||     7
       Dagger            |       |    25 ||    25
Invok: Bend Space        |     1 |       ||     1
  Use: Potion            |     2 |     2 ||     4
 Stab: Sleeping          |     1 |       ||     1
Armor: Leather armour    |    38 |    12 ||    50
Dodge: Dodged            |    80 |    29 ||   109

Levels and vault maps discovered:
D:1:      saegor_arrival_simple_e, layout_basic, hex_tiny
D:2:      minmay_spotlight, layout_basic, serial_forest,
          infiniplex_forest_end_1, infiniplex_forest_split,
          infiniplex_forest_clump_long, infiniplex_forest_clump_diagonal,
          infiniplex_forest_end_1, infiniplex_forest_lined_corner,
          infiniplex_forest_straight_2, infiniplex_forest_clump_long
D:3:      layout_basic, hellmonk_ecumenical_altar_leap_of_faith,
          uniq_crazy_yiuf_cottage

Notes
Turn   | Place    | Note
-------+----------+-------------------------------------------
     0 | Abyss:1  | esteth the Demonspawn Abyssal Knight began the quest for
                  | the Orb.
     0 | Abyss:1  | Reached XP level 1. HP: 18/18 MP: 2/2
     0 | Abyss:1  | magus.rc [v1.11.3]
    45 | D:1      | You pass through the gate.
    45 | D:1      | Escaped the Abyss
    65 | D:1      | You pick up a book of Geomancy and begin reading...
    65 | D:1      | You add the spells Sandblast, Passwall and Stone Arrow to
                  | your library.
   119 | D:1      | Reached skill level 2 in Short Blades
   231 | D:1      | You feel monstrous as your demonic heritage exerts itself.
   231 | D:1      | Discovered your monstrous ancestry.
   231 | D:1      | Gained mutation: Your touch may inflict minor irresistible
                  | damage on your foes. [demonic ancestry]
   231 | D:1      | Reached XP level 2. HP: 13/24 MP: 3/3
  1244 | D:2      | Reached ** piety under Lugonu
  1245 | D:2      | Reached skill level 1 in Unarmed Combat
  1245 | D:2      | Gained mutation: You have a small tail. [demonic ancestry]
  1245 | D:2      | Reached XP level 3. HP: 14/29 MP: 4/4
  1572 | D:2      | HP: 7/29 [ball python (3)]
  1579 | D:2      | HP: 7/29 [adder (2)]
  1585 | D:2      | Reached skill level 2 in Unarmed Combat
  2189 | D:2      | Reached XP level 4. HP: 35/35 MP: 5/5
  2189 | D:2      | Upgraded the game from 0.29-a0-233-g1125b37a9b to
                  | 0.29-a0-234-g0dae59b3db
  2189 | D:2      | magus.rc [v1.11.3]
  2292 | D:2      | You pick up a book of Maledictions and begin reading...
  2292 | D:2      | You add the spells Tukima's Dance, Anguish and Enfeeble to
                  | your library.
  2971 | D:3      | Found a runed translucent door.
  2972 | D:3      | Noticed Crazy Yiuf
  3048 | D:3      | Reached skill level 4 in Fighting
  3122 | D:3      | Gained mutation: Your body sometimes deteriorates upon
                  | taking damage. [potion of mutation]
  3122 | D:3      | Gained mutation: You are frail. (-10% HP) [potion of
                  | mutation]
  3122 | D:3      | Gained mutation: You have hidden genetic potential. [potion
                  | of mutation]
  3123 | D:3      | HP: 7/33 [orc/+0 trident (6)]
  3124 | D:3      | HP: 2/33 [orc/+0 short sword (5)]
  3133 | D:3      | Slain by an orc priest

Vanquished Creatures
  4 adders
  2 dart slugs
  3 orcs (D:3)
  5 ball pythons
  3 giant cockroaches
  4 goblins
  4 hobgoblins
  6 jackals
  A quokka (D:2)
  8 bats
  A frilled lizard (D:1)
  6 kobolds
  6 rats
53 creatures vanquished.

Vanquished Creatures (others)
  4 plants (D:2)
4 creatures vanquished.

Grand Total: 57 creatures vanquished

Table legend:
 A = Non-vault XP
 B = Vault XP
 C = Vault XP percentage of total XP
 D = Non-vault monster count
 E = Vault monster count
 F = Vault count percentage of total count
                 A         B        C        D         E       F
            +---------+---------+-------+---------+---------+-------
      Total |     111 |      32 |  22.4 |      47 |       6 |  11.3
            +---------+---------+-------+---------+---------+-------
        D:1 |      34 |       0 |   0.0 |      19 |       0 |   0.0
        D:2 |      38 |      32 |  45.7 |      14 |       6 |  30.0
        D:3 |      39 |       0 |   0.0 |      14 |       0 |   0.0
            +---------+---------+-------+---------+---------+-------

Illustrated notes

Table legend:
 A = Kills in this place as a percentage of kills in entire the game.
 B = Kills by you in this place as a percentage of kills by you in the entire game.
 C = Kills by friends in this place as a percentage of kills by friends in the entire game.
 D = Other kills in this place as a percentage of other kills in the entire game.
 E = Experience gained in this place as a percentage of experience gained in the entire game.
 F = Experience gained in this place divided by the number of levels of this place that you have seen.
                   A       B       C       D       E      F
               +-------+-------+-------+-------+-------+----------------------
         Total | 100.0 | 100.0 |   N/A |   N/A | 100.0 |  35.8
       Dungeon | 100.0 | 100.0 |   N/A |   N/A | 100.0 |  47.7
               +-------+-------+-------+-------+-------+----------------------

Table legend: (Time is in decaauts)
 A = Elapsed time spent in this place.
 B = Non-inter-level travel time spent in this place.
 C = Inter-level travel time spent in this place.
 D = Time resting spent in this place.
 E = Time spent auto-exploring this place.
 F = Levels seen in this place.
 G = Mean time per level.
                   A        B        C        D        E       F      G
               +--------+--------+--------+--------+--------+-----+--------+
         Total |   3127 |   3051 |     76 |      0 |   2680 |   4 |  781.8 |
       Dungeon |   3082 |   3006 |     76 |      0 |   2639 |   3 | 1027.3 |
         Abyss |     45 |     45 |      0 |      0 |     41 |   1 |   45.0 |
               +--------+--------+--------+--------+--------+-----+--------+

Top non-repeatable levels by time:
     D:2: 1380 daAuts
     D:1: 1153 daAuts
     D:3: 548 daAuts
 Abyss:1: 45 daAuts
